← All builds
Suicide front / Armada / Factory first / OBSERVED BUILD

Standard suicide front

Armada Suicide front build order · Supreme Isthmus

The role's baseline: Bot Lab at 0:21 then straight into reclaim-fed T1 bot production to contest the middle and hold until T2 arrives, with an Advanced Metal Extractor around 9:45.

#rush · 2247 distinct matches · 261 players · 72% of Armada Suicide front games · team won 59% of 2637 · Recently observed

HOW TO PLAY IT

Key timing: Bot Lab by 0:20

  1. Open with mex and lab-first to get Bot Lab up by 0:20.
  2. Expand mex and wind while lab pumps units toward middle.
  3. Push Sentry and early Rocketeer, Centurion to contest middle.
  4. Get T2 constructor out once Pond's boost lets you spare metal.
  5. Upgrade mex to Advanced Metal Extractor as you transition off T1 spam.

Phase by phase

TYPICAL OF ITS 2247 GAMES
  1. 1
  2. 2
  3. 3
PLAY THE OPENING

Follow the example game's first 6:00 step by step: what to build now, what comes next, and where it goes. At 1× it keeps pace with your own game.

  1. 1

    Bot Lab first

    Order
    1. Bot LabBot Lab done ~0:26, middle half 0:20–0:33

    Some games also: mex (47%)

  2. 2

    Bot Lab to 5:00

    Economy
    • Metal Extractor5Mex
    • Wind Turbine4Wind
    Builders
    • Construction Bot3 Con bot
    • Lazarus2 Lazarus
    Army
    • Sentry4 Sentry
    • Rocketeer16 Rocketeer
    • Tick2 Tick
    • Centurion1 Centurion
    Other
    • Radar Tower1 Radar Tower

    Some games also: pawn (39%) · con turret (34%)

    By 5:00 in all: 5 mex · 4 wind

    The example game in this phase · 21 steps
    1. TickTick ×2
    2. PawnPawn
    3. LazarusLazarus
    4. Construction BotCon bot ×2
    5. SentrySentry
    6. LazarusLazarus
    7. CenturionCenturion
    8. Mex
    9. CenturionCenturion
    10. SentrySentry
    11. Mex
    12. CenturionCenturion
    13. Mex
    14. RocketeerRocketeer ×3
    15. SentrySentry
    16. RocketeerRocketeer ×2
    17. Construction BotCon bot ×2
    18. RocketeerRocketeer ×9
    19. BeamerBeamer
    20. RocketeerRocketeer
    21. CenturionCenturion
  3. 3

    5:00 to 10:00

    Economy
    • Metal Extractor1Mex
    • Wind Turbine15Wind
    Builders
    • Construction Turret2 Con turret
    • Lazarus2 Lazarus
    • Construction Bot1 Con bot
    Army
    • Sentry1 Sentry
    • Rocketeer8 Rocketeer

    Some games also: pawn (48%) · Radar Tower (46%) · centurion (44%) · tick (43%) · energy storage (42%) · eat Bot Lab (31%)

    By 10:00 in all: 6 mex · 21 wind · 1 energy storage · 2 con turret

    The example game in this phase · 110 steps
    1. Con turret
    2. CenturionCenturion
    3. RocketeerRocketeer
    4. Wind
    5. OverwatchOverwatch
    6. RocketeerRocketeer
    7. Wind
    8. RocketeerRocketeer
    9. Wind
    10. RocketeerRocketeer
    11. Radar TowerRadar Tower
    12. Wind
    13. RocketeerRocketeer
    14. Wind
    15. RocketeerRocketeer
    16. Wind
    17. RocketeerRocketeer
    18. Wind
    19. RocketeerRocketeer
    20. Wind
    21. RocketeerRocketeer
    22. GauntletGauntletdone 8:08
    23. Wind
    24. RocketeerRocketeer
    25. Wind ×2
    26. RocketeerRocketeer
    27. Wind ×2
    28. RocketeerRocketeer
    29. Sneaky PeteSneaky Pete
    30. Wind
    31. RocketeerRocketeer
    32. NettleNettle
    33. Wind ×2
    34. RocketeerRocketeer
    35. Advanced Metal ExtractorT2 mexdone 9:59 · typical 9:49
    36. Wind
    37. Con turret
    38. RocketeerRocketeer
    39. Wind ×3
    40. RocketeerRocketeer
    41. Wind
    42. RocketeerRocketeer
    43. Vehicle PlantVehicle Plantdone 9:57
    44. Wind ×3
    45. Advanced Metal ExtractorT2 mex
    46. Wind ×2
    47. BlitzBlitz
    48. Wind
    49. BlitzBlitz
    50. Bot LabEat Bot Labreclaimed for its metal
    51. BlitzBlitz
    52. Wind
    53. BlitzBlitz
    54. Mex
    55. BlitzBlitz
    56. Wind
    57. BlitzBlitz
    58. NettleNettle
    59. BlitzBlitz ×2
    60. Wind
    61. BlitzBlitz
    62. Energy storage
    63. Advanced Metal ExtractorT2 mex
    64. BlitzBlitz
    65. Wind
    66. BlitzBlitz ×2
    67. Wind
    68. BlitzBlitz ×3
    69. Wind
    70. BlitzBlitz ×2
    71. Wind
    72. BlitzBlitz ×3
    73. Wind
    74. BlitzBlitz ×2
    75. Wind
    76. BlitzBlitz ×3
    77. Wind
    78. BlitzBlitz ×2
    79. Wind
    80. BlitzBlitz ×2
    81. Wind
    82. BlitzBlitz ×3
    83. Wind
    84. BlitzBlitz
    85. Advanced Metal ExtractorT2 mex
    86. BlitzBlitz
    87. Wind
    88. BlitzBlitz ×2
    89. Wind
    90. BlitzBlitz ×3
    91. Wind
    92. BlitzBlitz ×2
    93. Wind
    94. BlitzBlitz ×3
    95. Wind
    96. BlitzBlitz ×2
    97. Wind
    98. BlitzBlitz ×2
    99. Wind
    100. BlitzBlitz
    101. Advanced Metal ExtractorT2 mex
    102. BlitzBlitz
    103. Wind
    104. BlitzBlitz ×2
    105. Wind
    106. BlitzBlitz
    107. Wind
    108. BlitzBlitz ×2
    109. Wind
    110. BlitzBlitz

Counts are medians over the build's games: half of them build more, half fewer. The example game is Stefan1156's (34 OS, 15/10/2026); pick another.

Team trades

IN AT LEAST 30% OF ITS GAMES

You hand over

Nothing regular.

You get

  • Tidal Generator4 Tidal from Pondfirst at 0:11 · in 68% of games
  • Advanced Construction Bot1 T2 con bot from Geo or Techfirst at 7:45 · in 57% of games

How it plays out

Typical game of this build, running totals by minute

Metal produced

010k20k
0:005:0010:0015:00

metal

Enemy metal destroyed

05k10k
0:005:0010:0015:00

metal

Own metal lost

05k10k
0:005:0010:0015:00

metal

2637 games.

Show as table
ByMetal produced: This buildEnemy metal destroyed: This buildOwn metal lost: This build
1:0023000
2:0088700
3:002006193130
4:003105647502
5:0041861358990
6:00535222041677
7:00654530812550
8:00775239633443
9:00903447304337
10:001040053465120
11:001185058925902
12:001353664446635
13:001533969227401
14:001720575528183
15:001915081918947
WHAT THE NUMBERS SAY

Standard Suicide front play wins a bit over half its games while taking the heaviest own losses of any role by 15:00.

  • + Produces 20142 metal by 15:00, highest of the front roles.
  • + First kill by 2:01 in all games, fastest contest of middle.
  • − Own metal lost hits 9178 by 15:00, more than enemy metal destroyed.
  • − Only 34% Rocketeer share shows army spread thin across many bot types.
THE EXAMPLE YOU ARE READING

Stefan1156

34.1 OS · 15/10/2026

Open source match ↗

8 received units · includes a constructor
223 metal received · 17512 energy received

Allied construction assistance is unknown. Timings are observations, not a promise of solo reproducibility.

Typical milestones

Bot Lab0:26Middle 50%: 0:20–0:33 · n=2628
Advanced Metal Extractor9:49Middle 50%: 8:52–11:00 · n=1889

Played most by

_X_265games of this buildPlatinumBlonde188games of this buildXad165games of this buildTrapCaT113games of this buildSoliloqueur81games of this build
Standard suicide front · Armada Suicide front build order · BAR Build Atlas